 Dungeon Crawl Stone Soup version 0.20.1-1-g8b1a95d (webtiles) character file.

1038585 bartus0 the Invulnerable (level 27, -35/197 HPs)
             Began as a Gargoyle Fighter on July 31, 2017.
             Was the Champion of Okawaru.
             Killed from afar by Dispater (62 damage)
             ... with damnation
             ... on level 7 of the Iron City of Dis on Aug 5, 2017.
             The game lasted 11:22:36 (94908 turns).

bartus0 the Invulnerable (Gargoyle Fighter)        Turns: 94908, Time: 11:22:36

Health: -35/197    AC: 63    Str: 45    XL:     27
Magic:  24/29      EV: 29    Int: 12    God:    Okawaru [******]
Gold:   8784       SH: 37    Dex: 26    Spells: 3/49 levels left

rFire    + + .     SeeInvis .     - Unarmed
rCold    + + .     Gourm    .   Q - +6 large shield {rC+ rF+}
rNeg     + + +     Faith    .   x - +8 gold dragon scales
rPois    ∞         Spirit   .   y - +2 hat {MR+}
rElec    +         Reflect  .   F - scarf of the Duchess {Regen+ Str+4 Stlth-}
rCorr    .         Harm     +   H - +0 pair of gloves of Jigsaw {rPois rN+ MP-9 Str+3}
MR       ++++.     Rnd*Rage +   c - +0 pair of boots of Weirdness {Dex+6}
Stlth    ..........             m - amulet of harm
Regen    0.9/turn               C - ring "Wih Vugu" {*Slow +Fly rPois rN+ Str+7}
MPRegen  0.3/turn               J - ring "Atusap" {Str+4 Dex+3}

@: mighty, finesse, studying Long Blades
A: big wings, horns 1, yellow scales 1, berserk 1, clever 1, magic resistance 1,
mutation resistance 2, negative energy resistance 1, electricity resistance,
weak 1, unbreathing, petrification resistance, rot immunity, MP-powered wands,
AC +20
}: 6/15 runes: barnacled, slimy, silver, golden, bone, gossamer
a: Fly, Heroism, Finesse, Renounce Religion, Evoke Flight


You were on level 7 of the Iron City of Dis.
You worshipped Okawaru.
Okawaru was exalted by your worship.
You were not hungry.

You visited 17 branches of the dungeon, and saw 77 of its levels.
You visited the Abyss 3 times.
You also visited: Labyrinth, Trove, Ice Cave and Wizlab.

You collected 11436 gold pieces.
You spent 2652 gold pieces at shops.

Inventory:

Armour
 c - the +0 pair of boots of Weirdness (worn) {Dex+6}
   (Okawaru gifted it to you on level 4 of the Shoals)

   It affects your dexterity (+6).
 x - +8 gold dragon scales (worn)
 y - a +2 hat of magic resistance (worn)
 F - the scarf of the Duchess (worn) {Regen+ Str+4 Stlth-}
   (Okawaru gifted it to you on level 4 of the Lair of Beasts)

   It affects your strength (+4).
   It increases your rate of regeneration.
   It makes you less stealthy.
 H - the +0 pair of gloves of Jigsaw (worn) {rPois rN+ MP-9 Str+3}
   (You found it on level 1 of the Elven Halls)

   It affects your strength (+3).
   It protects you from poison.
   It protects you from negative energy.
   It affects your magic capacity (-9).
 Q - a +6 large shield of resistance (worn)
 S - a +2 helmet of intelligence
Magical Staves
 n - an uncursed staff of earth
Jewellery
 h - the ring "Buacoboq" {rCorr Slay+2}
   (You found it on level 15 of the Dungeon)

   [ring of resist corrosion]

   It affects your accuracy and damage with ranged weapons and melee attacks
   (+2).
 i - the amulet of the Four Winds {rN+ MR+++ Clar}
   (You found it on level 5 of the Pits of Slime)

   [amulet of nothing]

   It protects you from negative energy.
   It affects your resistance to hostile enchantments.
   It protects you against confusion.
 m - an amulet of harm (around neck)
 C - the ring "Wih Vugu" (left hand) {*Slow +Fly rPois rN+ Str+7}
   (You found it on level 3 of the Crypt)

   [ring of positive energy]

   It affects your strength (+7).
   It protects you from poison.
   It protects you from negative energy.
   It lets you fly.
   It may slow you when you take damage.
 J - the ring "Atusap" (right hand) {Str+4 Dex+3}
   (You found it on level 3 of the Tomb of the Ancients)

   [ring of dexterity]

   It affects your strength (+4).
   It affects your dexterity (+3).
Wands
 j - a wand of enslavement (18/24)
 U - a wand of digging (24/24)
Scrolls
 b - 5 scrolls of fear
 e - 4 scrolls of magic mapping
 f - 39 scrolls of identify
 g - 11 scrolls of enchant weapon
 p - 23 scrolls of remove curse
 u - 28 scrolls of teleportation
 v - a scroll of amnesia
 w - 7 scrolls of fog
 B - 2 scrolls of brand weapon
 K - 3 scrolls of silence
 R - a scroll of recharging
 Y - a scroll of summoning
Potions
 a - a potion of invisibility
 l - a potion of magic
 A - 4 potions of agility
 G - 4 potions of curing
 M - 6 potions of resistance
 T - a potion of cancellation
 X - a potion of ambrosia
Books
 q - the Catalogue of Evil Rites
   (You found it on level 3 of the Tomb of the Ancients)

   Spells                             Type                      Level
   a - Animate Skeleton               Necromancy                   1
   b - Corpse Rot                     Necromancy                   2
   c - Agony                          Necromancy                   5
   d - Simulacrum                     Ice/Necromancy               6
   e - Death Channel                  Necromancy                   6
 z - Sif Muna's Guide on Twisted Displacement
   (You found it on level 3 of the Tomb of the Ancients)

   Spells                             Type                      Level
   a - Pain                           Necromancy                   1
   b - Apportation                    Translocation                1
   c - Sublimation of Blood           Necromancy                   2
   d - Regeneration                   Charms/Necromancy            3
 D - a manual of Long Blades
 I - Sif Muna's Guide on the Dislocated Arsonist
   (You found it on level 7 of Tartarus)

   Spells                             Type                      Level
   a - Shroud of Golubria             Charms/Translocation         2
   b - Blink                          Translocation                2
   c - Portal Projectile              Hexes/Translocation          3
   d - Lesser Beckoning               Translocation                3
   e - Sticky Flame                   Conjuration/Fire             4
   f - Dispersal                      Translocation                6
 Z - a book of Annihilations

   Spells                             Type                      Level
   a - Poison Arrow                   Conjuration/Poison           6
   b - Chain Lightning                Conjuration/Air              8
   c - Lehudib's Crystal Spear        Conjuration/Earth            8
   d - Glaciate                       Conjuration/Ice              9
   e - Fire Storm                     Conjuration/Fire             9
Miscellaneous
 r - a lightning rod (4/4)
 s - the horn of Geryon (inert)
 t - a lamp of fire
 E - a figurine of a ziggurat
Comestibles
 d - 19 bread rations
 P - 4 meat rations


   Skills:
 + Level 26.6 Fighting
 O Level 27 Armour
 + Level 22.2 Dodging
 + Level 26.3 Shields
 + Level 26.0 Unarmed Combat
 - Level 11.9 Spellcasting
 - Level 3.4 Conjurations
 - Level 13.9 Charms
 - Level 13.0 Necromancy
 - Level 14.7 Earth Magic
 - Level 10.0 Invocations
 - Level 6.3 Evocations


You had 3 spell levels left.
You knew the following spells:

 Your Spells              Type           Power        Failure   Level  Hunger
a - Shatter               Erth           #####.....   100%        9    #######
b - Iron Shot             Conj/Erth      ####......   73%         6    ######.
c - Controlled Blink      Tloc           N/A          100%        8    #######
d - Regeneration          Chrm/Necr      #####.....   1%          3    #......
e - Petrify               Tmut/Erth      ###.....     14%         4    ###....
f - Lehudib's Crystal Sp  Conj/Erth      ####......   100%        8    #######
g - Ignition              Fire           #.........   100%        8    #######


Dungeon Overview and Level Annotations

Branches:
Dungeon (15/15)            Temple (1/1) D:6            Lair (6/6) D:8
 Shoals (4/4) Lair:2       Spider (4/4) Lair:2        Slime (5/5) Lair:6
    Orc (2/2) D:11            Elf (3/3) Orc:2        Vaults (5/5) D:14
  Crypt (3/3) Vaults:2       Tomb (3/3) Crypt:3      Depths (5/5) D:15
   Hell (1/1)                 Dis (7/7) Hell            Geh (1/7) Hell
    Coc (0/7) Hell            Tar (7/7) Hell            Zot (5/5) Depths:5

Altars:
Ashenzari
Cheibriados
Dithmenos
Elyvilon
Fedhas
Gozag
Hepliaklqana
Kikubaaqudgha
Makhleb
Nemelex Xobeh
Okawaru
Qazlal
Ru
Sif Muna
Trog
Uskayaw
Vehumet
Xom
Yredelemnul
Zin
The Shining One
Jiyva

Shops:
D:6 =   D:15 =(*   Orc:1 !   Orc:2 ([[*   Elf:2 (   Elf:3 :   Shoals:1 [[=[
Vaults:3 !   Vaults:4 }   Vaults:5 (   Depths:1 =}}   Depths:3 *
Depths:4 }}**(   Depths:5 !

Portals:
Hell: Depths:1 Depths:2 Depths:3 Depths:4 Depths:5
Abyss: Depths:4
Pandemonium: Depths:3
Ziggurat: Depths:1

Annotations:
D:6 exclusion: oklob plant
Dis:7 Dispater


Innate Abilities, Weirdness & Mutations

You are resistant to torment.
Your stone body is resilient. (AC +20)
You are immune to poison.
Your large and strong wings let you fly indefinitely.
You resist negative energy. (rN+)
You are resistant to electric shocks. (rElec)
You can survive without breathing.
You are immune to petrification.
You are immune to rotting.
You have a pair of small horns on your head.
You are partially covered in yellow scales. (AC +2)
You tend to lose your temper in combat.
Your mind is acute. (Int +2)
You are resistant to hostile enchantments. (MR+)
You are somewhat resistant to both further mutation and mutation removal.
You are weak. (Str -2)
You expend magic power (3 MP) to strengthen your wands.


Message History

The reaper is severely wounded.
You pummel the reaper!!
You kill the reaper!
Casting: Regeneration
Confirm with . or Enter, or press ? or * to list all spells.
Your skin crawls.
You feel better.
You recover from your berserk rage.
You see here a giant club.
You start resting.
Your skin is crawling a little less now.
Magic restored.
You feel very mighty all of a sudden.
Your skin stops crawling.
Dispater gestures at you.
The sphere of damnation explodes!
The damnation engulfs you!
* * * LOW HITPOINT WARNING * * *
You can now deal lightning-fast blows.
Dispater gestures at you.
The sphere of damnation explodes!
The damnation engulfs you!
You die...

#.......8.## ##&. #.....
#.........# #...
###.....###........## ##&..
.........###).......### ###....
..........##)##.......####......
..........#.).#.................
..........#.).###...............
..........#...#####.....8.8.8.8.
..........'.))#@#######.........
###.......†#.))#...##########....
..#........#####......###########
..#............&)..........######
..#..............................
###..............................
.#####...........................
...######........................
.....#######..........#####......


You could see Dispater.

Vanquished Creatures
  the Royal Jelly (Slime:5)
  Dissolution (Slime:2)
  Ereshkigal (Tar:7)
  4 orbs of fire (Zot:5)
  8 ancient liches
  43 greater mummies
  2 shard shrikes (Zot:1)
  Xtahua (Crypt:1)
  4 Killer Klowns
  A caustic shrike (Depths:4)
  Geryon (Hell)
  Bai Suzhen (Vaults:5)
  5 curse toes
  5 golden dragons
  18 bone dragons
  3 electric golems
  Arachne (Spider:2)
  14 doom hounds
  45 Tzitzimimeh
  Rupert (Spider:1)
  6 iron giants
  4 Hell Sentinels (Dis:7)
  Jorgrun (Shoals:3)
  16 tentacled monstrosities
  3 Brimstone Fiends
  5 Ice Fiends
  3 deep elf blademasters
  11 liches
  2 deep elf master archers (Elf:3)
  25 Orb Guardians (Zot:5)
  2 titans
  8 quicksilver dragons
  A kraken (Shoals:1)
  10 sphinxes
  14 ancient champions
  24 acid blobs
  Murray (Hell)
  3 eldritch tentacles
  A tentacled starspawn (Abyss:2)
  12 death cobs
  Gastronok (Lair:1)
  Kirke (D:15)
  2 Executioners
  Agnes (Spider:4)
  23 shadow dragons
  6 tengu reavers
  Ilsuiw (Shoals:4)
  20 storm dragons
  7 revenants
  Donald (Spider:1)
  Roxanne (Spider:1)
  7 ghost moths
  15 fire giants
  15 azure jellies
  5 draconian monks
  19 frost giants
  10 draconian knights
  16 vault wardens
  9 deep elf sorcerers
  Aizul (Shoals:1)
  8 iron dragons
  7 draconian scorchers
  A ghoul (Vaults:3)
  3 emperor scorpions (Spider:4)
  A curse skull (Crypt:1)
  Louise (Spider:1)
  5 cacodemons
  A juggernaut zombie (Crypt:2)
  7 draconian stormcallers
  2 angels (Depths:3)
  2 deep elf elementalists (Elf:3)
  8 draconian shifters
  8 draconian annihilators
  16 ironheart preservers
  18 war gargoyles
  16 stone giants
  2 spriggan defenders
  80 reapers
  8 very ugly things
  10 black draconians
  8 vampire knights
  4 entropy weavers
  The ghost of ANON1729 the Devastator, a journeyman TeFE of Vehumet (Lair:5)
  6 bennus (Tomb:1)
  9 green draconians
  3 lorocyprocas
  5 deep elf demonologists
  16 purple draconians
  7 spark wasps
  A dire elephant (shapeshifter) (Vaults:5)
  7 deep elf annihilators
  The ghost of saplok the Spear-Bearer, a journeyman MfSk of Nemelex Xobeh (Orc:2)
  6 red draconians
  10 white draconians
  25 yellow draconians
  12 deep elf death magi
  Snorg (D:11)
  22 mummy priests
  An orange crystal statue (WizLab)
  A minotaur (Lab)
  14 ettins
  2 green deaths
  13 jiangshi
  3 merfolk javelineers
  11 death oozes
  4 blizzard demons
  2 crystal guardians (Abyss:3)
  A fire dragon (shapeshifter) (Vaults:5)
  13 yaktaur captains
  9 fire dragons
  10 ogre magi
  9 eidola
  A spectral kraken (Tar:7)
  8 quicksilver dragon zombies
  7 merfolk impalers
  8 deep elf high priests
  An ice dragon (shapeshifter) (Vaults:5)
  A great orb of eyes (shapeshifter) (Abyss:3)
  33 vault guards
  16 great orbs of eyes
  9 hydras
  16 ice dragons
  4 quicksilver dragon skeletons
  A hydra (shapeshifter) (Vaults:5)
  8 rakshasas
  4 ghost crabs
  A hell beast (Dis:6)
  12 centaur warriors
  3 spriggan air magi
  32 two-headed ogres
  2 catoblepae
  A monstrous demonspawn (Depths:3)
  7 merfolk avatars
  An alligator (shapeshifter) (Vaults:5)
  3 death knights
  12 merfolk aquamancers
  5 deep troll earth magi
  2 satyrs (Shoals:3)
  25 dancing weapons
  7 tengu warriors
  31 death scarabs
  9 vampire magi
  3 spriggan berserkers
  8 titan zombies
  10 deep troll shamans
  An orc high priest (Elf:1)
  A naga sharpshooter (D:15)
  26 hell hogs
  5 large abominations
  A thrashing horror (Abyss:3)
  A shock serpent (shapeshifter) (Vaults:5)
  7 sun demons
  8 iron trolls
  3 storm dragon zombies
  26 deep elf knights
  7 iron golems
  33 soul eaters
  Sonja (Orc:2)
  A salamander mystic (D:15)
  A fire crab (D:15)
  11 sea snakes
  171 skeletal warriors
  5 titan skeletons
  4 shadow wraiths
  5 death drakes
  11 hell knights
  A spatial maelstrom (Abyss:2)
  2 wretched stars (Abyss:2)
  A sixfirhy (Abyss:2)
  20 deep trolls
  An unseen horror (shapeshifter) (Vaults:3)
  3 storm dragon skeletons
  A sea snake (shapeshifter) (Vaults:4)
  13 flayed ghosts
  2 unseen horrors
  7 glowing orange brains
  8 golden dragon zombies
  A golden dragon skeleton (Crypt:1)
  36 shadow demons
  8 anaconda zombies
  A ghost moth zombie (Tomb:2)
  17 ironbrand convokers
  An entropy weaver zombie (Vaults:2)
  11 orc knights
  5 wizards
  24 deep elf archers
  6 shadow dragon zombies
  30 phantasmal warriors
  2 anaconda skeletons
  19 harpies
  A wolf spider (shapeshifter) (Abyss:3)
  A harpy (shapeshifter) (Vaults:5)
  An orb spider (shapeshifter) (Depths:1)
  20 necromancers
  2 wolf spider zombies
  A faun (shapeshifter) (Vaults:3)
  5 fire giant zombies
  20 orb spiders
  The ghost of tschems the Chopper, a novice HuFi of Okawaru (D:5)
  A salamander (shapeshifter) (Depths:2)
  A shadow dragon skeleton (Tar:2)
  A tengu skeleton (Vaults:5)
  23 wolf spiders
  4 stone giant zombies
  4 oklob plants (Lair:1)
  6 iron dragon zombies
  6 fauns
  74 deep elf magi
  2 worldbinders (Abyss:2)
  33 moths of wrath
  7 cyclopes
  3 orc sorcerers
  2 shining eyes
  5 frost giant zombies
  23 ugly things
  A salamander (Depths:1)
  Maurice (D:7)
  An iron dragon skeleton (Tomb:2)
  2 fire giant skeletons
  A moth of wrath (shapeshifter) (Vaults:2)
  27 manticores
  6 black mambas
  9 merfolk sirens
  2 apocalypse crabs (Abyss:2)
  A shock serpent zombie (Crypt:2)
  43 rust devils
  2 smoke demons (Abyss:2)
  An elephant (shapeshifter) (Elf:1)
  A naga mage (D:15)
  2 sphinx skeletons
  2 black mambas (shapeshifter)
  7 dire elephant zombies
  5 elephants (Lair:6)
  21 vault sentinels
  8 frost giant skeletons
  A molten gargoyle (Hell)
  Joseph (Lair:1)
  3 stone giant skeletons
  5 water nymphs
  2 guardian serpents (shapeshifter) (Abyss:3)
  6 eyes of devastation
  4 ice statues
  22 hellions
  3 dire elephant skeletons
  A shock serpent skeleton (Crypt:2)
  A catoblepas zombie (Dis:1)
  Psyche (D:10)
  A purple draconian zombie (Dis:4)
  11 spiny frogs
  A spiny frog (shapeshifter) (Vaults:3)
  5 orange demons (D:11)
  10 rime drakes
  5 torpor snails
  34 yaktaurs
  3 emperor scorpion zombies
  A kobold demonologist (D:15)
  2 efreet
  21 demonic crawlers
  3 komodo dragons (shapeshifter)
  3 catoblepas skeletons
  A redback zombie (Crypt:1)
  45 tormentors
  28 freezing wraiths
  16 hellwings
  13 komodo dragons
  10 spectral swamp worms (Tar:7)
  9 hydra zombies
  A purple draconian skeleton (Crypt:2)
  46 guardian mummies
  3 harpy zombies
  12 ice devils
  A minotaur zombie (Dis:6)
  2 yaktaur skeletons
  4 silent spectres
  4 tengu conjurers
  A troll (shapeshifter) (Vaults:4)
  An ancient zyme (Abyss:3)
  20 red devils
  47 jumping spiders
  A meliai (shapeshifter) (Elf:3)
  123 slime creatures
  24 merfolk
  5 trolls
  A merfolk (shapeshifter) (Vaults:5)
  18 polar bears
  2 polar bears (shapeshifter)
  Grinder (D:3)
  7 wind drakes
  15 hornets
  A minotaur skeleton (Crypt:2)
  6 ettin zombies
  2 hornets (shapeshifter)
  5 harpy skeletons
  5 alligator zombies
  4 fire dragon zombies
  19 dream sheep
  22 blink frogs
  A meliai zombie (D:14)
  10 snapping turtles
  13 hippogriffs
  A hippogriff (shapeshifter) (Abyss:3)
  9 hydra skeletons
  5 raiju (Abyss:2)
  3 ettin skeletons
  A centaur simulacrum (D:15)
  75 flying skulls
  6 ice dragon zombies
  6 starcursed masses (Abyss:3)
  3 ice dragon skeletons
  6 air elementals
  29 water elementals
  3 black mamba zombies
  27 shadows
  A fire dragon skeleton (Tar:3)
  59 redbacks
  3 alligator skeletons
  A tarantella (shapeshifter) (D:15)
  3 vampires
  A spriggan (shapeshifter) (Vaults:2)
  22 tarantellas
  12 wyverns
  14 fire elementals
  67 yaks
  A ynoxinul (Abyss:2)
  19 wraiths
  25 ushabtiu
  3 neqoxecs
  3 vampire mosquitoes (D:15)
  16 basilisks
  2 chaos spawn
  2 golden eyes (Abyss:3)
  A black mamba skeleton (Tar:6)
  A human simulacrum (Vaults:1)
  11 hungry ghosts
  An emperor scorpion simulacrum (Hell)
  7 wargs
  7 small abominations
  4 spatial vortices
  A soldier ant (D:14)
  A floating eye (Slime:4)
  19 water moccasins
  An orb spider zombie (Crypt:1)
  7 spiny frog zombies
  A floating eye (shapeshifter) (Depths:2)
  63 hell hounds
  A porcupine (shapeshifter) (Vaults:1)
  2 merfolk skeletons
  7 porcupines
  3 black bears
  2 hydra simulacra (Hell)
  5 snapping turtle zombies
  A swamp drake (D:11)
  A sky beast (shapeshifter) (Vaults:2)
  47 orc warriors
  5 spiny frog skeletons
  3 eyes of draining
  12 ice beasts
  A sky beast (D:8)
  2 black bears (shapeshifter)
  2 swamp dragon zombies
  An ice dragon simulacrum (Hell)
  A black mamba simulacrum (Abyss:3)
  2 phantoms
  3 manticore zombies
  35 necrophages
  21 ogres
  4 snapping turtle skeletons
  A blink frog zombie (Crypt:1)
  A manticore skeleton (Tar:6)
  39 centaurs
  28 wolves
  14 human skeletons
  3 swamp dragon skeletons
  17 crocodiles
  A komodo dragon zombie (Crypt:2)
  An elf zombie (Dis:3)
  2 human zombies
  5 big kobolds
  15 bullfrogs
  A wyvern zombie (D:7)
  5 earth elementals
  A gnoll sergeant (D:10)
  A water moccasin zombie (Crypt:1)
  7 wyvern skeletons
  An elf skeleton (Tar:3)
  2 scorpions
  14 killer bees
  81 wights
  4 electric eels
  4 howler monkeys
  A bullfrog zombie (D:11)
  13 crimson imps
  8 jellies
  A quasit (Abyss:2)
  3 centaur zombies
  3 centaur skeletons
  4 hounds
  46 iron imps
  20 orc priests
  A bullfrog skeleton (D:5)
  Jessica (D:2)
  7 iguanas
  Natasha (twice) (D:2)
  35 orc wizards
  11 worker ants
  A tengu zombie (Crypt:3)
  An ogre zombie (Dis:1)
  A dwarf skeleton (Crypt:2)
  A hound zombie (Crypt:2)
  4 hound skeletons
  45 mummies
  A howler monkey zombie (D:9)
  25 adders
  4 gnolls
  A howler monkey skeleton (D:8)
  28 shadow imps
  13 white imps
  An ufetubus (Abyss:2)
  2 adder skeletons
  An adder zombie (D:9)
  2 worms
  2 dart slugs
  9 leopard geckos
  106 orcs
  6 bats
  10 giant cockroaches
  6 hobgoblins
  8 jackals
  19 kobolds
  3 quokkas
  4 ball pythons
  8 frilled lizards
  5 goblins
  2 kobold zombies (Crypt:3)
  A leopard gecko skeleton (Crypt:1)
  An orc skeleton (Crypt:3)
  An orc zombie (Tar:7)
  A quokka skeleton (Crypt:1)
  8 rats
  A river rat zombie (Crypt:2)
  A spectral orc (D:3)
  2 crawling corpses
  A fungus (Lair:6)
  A plant (Shoals:1)
  4 tentacles
  A toadstool (D:6)
4303 creatures vanquished.

Vanquished Creatures (others)
  A golden dragon (Depths:5)
  A Hell Sentinel (Dis:7)
  A draconian knight (Zot:4)
  A draconian shifter (Zot:4)
  A yaktaur captain (Vaults:3)
  A centaur warrior (Depths:1)
  21 death scarabs
  2 deep elf knights
  A titan skeleton (Tomb:2)
  A flayed ghost (Vaults:5)
  A wizard (Depths:1)
  A deep elf mage (Vaults:5)
  8 yaktaurs
  2 guardian mummies (Tomb:2)
  A hydra skeleton (Tomb:2)
  A redback (Spider:3)
  6 flying skulls
  2 ushabtiu (Tomb:3)
  An air elemental (Depths:3)
  5 humans (D:15)
  A yaktaur simulacrum (Vaults:5)
  An orc warrior (Orc:2)
  2 ogres
  A bullfrog (D:15)
  A wight (Dis:1)
  A starcursed mass (Abyss:2)
  An iron imp (Dis:7)
  2 mummies (Tomb:2)
  2 orcs (Orc:2)
  A quokka (D:9)
  2 bushes (Depths:4)
  16 fungi
  19 plants
  3 starspawn tentacles (Abyss:2)
  14 tentacles
  14 toadstools (D:6)
  4 withered plants (Crypt:3)
144 creatures vanquished.

Grand Total: 4447 creatures vanquished

Notes
Turn   | Place    | Note
-------+----------+-------------------------------------------
     0 | D:1      | bartus0 the Gargoyle Fighter began the quest for the Orb.
     0 | D:1      | Reached XP level 1. HP: 14/14 MP: 1/1
   108 | D:1      | Reached XP level 2. HP: 19/19 MP: 2/2
   369 | D:1      | Reached XP level 3. HP: 23/23 MP: 3/3
   997 | D:2      | Found a deep blue altar of Sif Muna.
  1011 | D:2      | Noticed Jessica
  1030 | D:2      | Killed Jessica
  1030 | D:2      | Reached XP level 4. HP: 29/29 MP: 4/4
  1429 | D:2      | Reached XP level 5. HP: 33/33 MP: 5/5
  1478 | D:2      | Noticed Natasha
  1501 | D:2      | Killed Natasha
  1501 | D:2      | Reached skill level 4 in Armour
  1649 | D:2      | Noticed Natasha
  1662 | D:2      | Killed Natasha
  1842 | D:3      | Noticed Grinder
  1851 | D:3      | Paralysed by Grinder for 3 turns
  1869 | D:3      | Paralysed by Grinder for 3 turns
  1900 | D:3      | Paralysed by Grinder for 4 turns
  1909 | D:3      | Killed Grinder
  1909 | D:3      | Reached XP level 6. HP: 32/39 MP: 6/6
  2349 | D:3      | Found a basalt altar of Yredelemnul.
  2458 | D:4      | Reached skill level 5 in Unarmed Combat
  2458 | D:4      | Reached XP level 7. HP: 36/44 MP: 7/7
  2528 | D:4      | Found an opulent altar of Gozag.
  3261 | D:5      | Entered Level 5 of the Dungeon
  3400 | D:4      | Reached skill level 5 in Fighting
  3400 | D:4      | Reached skill level 5 in Armour
  3400 | D:4      | Reached skill level 1 in Dodging
  3909 | D:5      | Noticed tschems's ghost (novice HuFi)
  3938 | D:5      | Killed tschems's ghost
  3938 | D:5      | Reached skill level 5 in Shields
  3938 | D:5      | Reached XP level 8. HP: 28/51 MP: 8/8
  4796 | D:6      | Found a blossoming altar of Fedhas.
  4809 | D:6      | Noticed an oklob plant
  4882 | D:6      | Found Jabbo's Jewellery Boutique.
  4994 | D:6      | Found a glowing silver altar of Zin.
  5210 | D:6      | Found a staircase to the Ecumenical Temple.
  5305 | D:6      | Reached skill level 6 in Armour
  5305 | D:6      | Reached XP level 9. HP: 48/55 MP: 9/9
  5587 | Temple   | Entered the Ecumenical Temple
  5620 | Temple   | Became a worshipper of Warmaster Okawaru
  5764 | D:7      | Found a bloodstained altar of Trog.
  5765 | D:7      | Found a shattered altar of Ashenzari.
  6424 | D:6      | Reached * piety under Okawaru
  7669 | D:7      | Gained mutation: Your mind is acute. (Int +2) [mutagenic meat]
  7670 | D:7      | Gained mutation: Your movements are slightly less encumbered by armour. (ER -2) [mutagenic meat]
  7671 | D:7      | Lost mutation: Your mind is acute. (Int +2) [mutagenic meat]
  7673 | D:7      | Gained mutation: Scrolls take you a little longer to read. [mutagenic meat]
  7674 | D:7      | Gained mutation: You are robust. (+10% HP) [mutagenic meat]
  7707 | D:8      | Noticed a two-headed ogre
  7711 | D:8      | Found a staircase to the Lair.
  7728 | D:8      | Killed a two-headed ogre
  7728 | D:8      | Reached skill level 7 in Armour
  7728 | D:8      | Reached skill level 1 in Invocations
  7728 | D:8      | Reached XP level 10. HP: 14/69 MP: 7/11
  7942 | D:8      | Noticed a two-headed ogre
  7960 | D:8      | Killed a two-headed ogre
  7960 | D:8      | Reached ** piety under Okawaru
  7963 | D:8      | Noticed Maurice
  7987 | D:7      | Killed Maurice
  8326 | D:7      | Found a white marble altar of Elyvilon.
  8648 | D:8      | Noticed a two-headed ogre
  8655 | D:8      | Killed a two-headed ogre
  8655 | D:8      | Reached *** piety under Okawaru
  8798 | D:8      | Noticed a seven-headed hydra
  8809 | D:8      | Killed a seven-headed hydra
  8809 | D:8      | Reached XP level 11. HP: 66/75 MP: 10/13
  9425 | D:9      | Found a white marble altar of Elyvilon.
  9462 | D:9      | Reached skill level 10 in Unarmed Combat
  9476 | D:9      | Reached **** piety under Okawaru
  9476 | D:9      | Reached skill level 8 in Armour
  9934 | D:9      | Noticed a green ugly thing
  9958 | D:9      | Killed a green ugly thing
 10169 | D:10     | Entered Level 10 of the Dungeon
 10371 | D:10     | Noticed Psyche
 10394 | D:10     | Killed Psyche
 10589 | D:10     | Noticed a two-headed ogre
 10606 | D:10     | Killed a two-headed ogre
 10793 | D:10     | Reached skill level 5 in Invocations
 10953 | Lair:1   | Entered Level 1 of the Lair of Beasts
 10953 | Lair:1   | Noticed Joseph
 10962 | Lair:1   | Killed Joseph
 10962 | Lair:1   | Reached skill level 5 in Dodging
 11028 | Lair:1   | Got an ancient leather armour
 11078 | Lair:1   | Found a labyrinth entrance.
 11085 | Lab      | Entered a labyrinth
 11096 | Lab      | Identified the +1 leather armour of the Ancient Moons {rElec rCorr Int+2 Slay-5} (You found it on level 1 of the Lair of Beasts)
 13078 | Lab      | Noticed a minotaur
 13108 | Lab      | Killed a minotaur
 13784 | Lair:1   | Reached ***** piety under Okawaru
 13820 | Lair:1   | Reached XP level 12. HP: 65/83 MP: 16/16
 13901 | Lair:1   | Noticed Gastronok
 13963 | Lair:1   | Killed Gastronok
 13963 | Lair:1   | Reached skill level 9 in Armour
 14099 | Lair:1   | Received a gift from Okawaru
 14104 | Lair:1   | Got a polished quick blade {god gift}
 14105 | Lair:1   | Identified the +1 quick blade of Daagher {pain, Str+2} (Okawaru gifted it to you on level 1 of the Lair of Beasts)
 15320 | Lair:2   | Found a hole to the Spider Nest.
 15378 | Lair:2   | Received a gift from Okawaru
 15402 | Lair:2   | Got an ancient shortbow {god gift}
 16125 | Lair:2   | Found a staircase to the Shoals.
 16194 | Lair:2   | Reached skill level 10 in Fighting
 16503 | Lair:2   | Reached XP level 13. HP: 85/90 MP: 18/18
 16613 | Spider:1 | Entered Level 1 of the Spider Nest
 16778 | Lair:2   | Reached skill level 10 in Armour
 17072 | Lair:3   | Received a gift from Okawaru
 17865 | Lair:4   | Reached skill level 10 in Shields
 18450 | Lair:4   | Reached ****** piety under Okawaru
 18834 | Lair:4   | Received a gift from Okawaru
 18883 | Lair:4   | Got a transparent scarf {god gift}
 18895 | Lair:4   | Identified the scarf of the Duchess {Regen+ Str+4 Stlth-} (Okawaru gifted it to you on level 4 of the Lair of Beasts)
 19257 | Lair:4   | Gained mutation: Your large and strong wings let you fly indefinitely. [Gargoyle growth]
 19257 | Lair:4   | Reached XP level 14. HP: 99/99 MP: 20/20
 19700 | Lair:5   | Found a frozen archway.
 19747 | IceCv    | Entered an ice cave
 20248 | IceCv    | Noticed a frost giant
 20266 | IceCv    | Reached skill level 11 in Armour
 20279 | IceCv    | Killed a frost giant
 21018 | Lair:5   | Noticed ANON1729's ghost (journeyman TeFE)
 21033 | Lair:5   | Killed ANON1729's ghost
 21033 | Lair:5   | Received a gift from Okawaru
 21361 | Lair:5   | Received a gift from Okawaru
 21760 | Lair:6   | Entered Level 6 of the Lair of Beasts
 22558 | Lair:6   | Reached XP level 15. HP: 88/105 MP: 22/22
 22635 | Lair:6   | Found a staircase to the Slime Pits.
 22635 | Lair:6   | Found a viscous altar of Jiyva.
 22830 | Lair:6   | Received a gift from Okawaru
 23492 | Spider:1 | Noticed Louise
 23517 | Spider:1 | Killed Louise
 24171 | Spider:1 | Reached skill level 10 in Invocations
 24199 | Spider:1 | Noticed Rupert
 24260 | Spider:1 | Killed Rupert
 24260 | Spider:1 | Reached skill level 12 in Armour
 24291 | Spider:1 | Noticed Roxanne
 24334 | Spider:1 | Killed Roxanne
 24334 | Spider:1 | Reached skill level 15 in Unarmed Combat
 24334 | Spider:1 | Reached skill level 1 in Evocations
 24800 | Spider:2 | Noticed Donald
 24849 | Spider:1 | Killed Donald
 24926 | Spider:1 | Received a gift from Okawaru
 25348 | Spider:2 | Reached XP level 16. HP: 113/113 MP: 19/23
 25488 | Spider:2 | Noticed Arachne
 25505 | Spider:2 | Killed Arachne
 25505 | Spider:2 | Received a gift from Okawaru
 25506 | Spider:2 | Got a slimy hunting sling {god gift}
 26082 | Spider:3 | Got a crude scale mail
 26577 | Spider:3 | Got a shimmering plate armour
 26578 | Spider:3 | Identified the +1 hunting sling of the Many Runes {flame, rC+ rN++ Int+4 Stlth-} (Okawaru gifted it to you on level 2 of the Spider Nest)
 26589 | Spider:3 | Identified the cursed +0 plate armour of Ufypyull {Dex+2} (You found it on level 3 of the Spider Nest)
 26601 | Spider:3 | Identified the +8 scale mail "Jivaycit" {Regen+} (You found it on level 3 of the Spider Nest)
 26637 | Spider:3 | Received a gift from Okawaru
 26927 | Spider:4 | Entered Level 4 of the Spider Nest
 27031 | Spider:3 | Reached skill level 13 in Armour
 27263 | Spider:4 | Noticed Agnes
 27280 | Spider:4 | Killed Agnes
 27457 | Spider:4 | Reached skill level 5 in Evocations
 27513 | Spider:4 | Lost mutation: Your movements are slightly less encumbered by armour. (ER -2) [mutagenic meat]
 27515 | Spider:4 | Gained mutation: You have a somewhat thin skeletal structure. (Dex +2, Stealth) [mutagenic meat]
 27516 | Spider:4 | Gained mutation: You have a pair of small antennae on your head. [mutagenic meat]
 27517 | Spider:4 | Gained mutation: Your spells are a little easier to cast, but a little less powerful. [mutagenic meat]
 27614 | Spider:4 | Gained mutation: You are very robust. (+20% HP) [mutagenic meat]
 27615 | Spider:4 | Gained mutation: You are extremely robust. (+30% HP) [mutagenic meat]
 27616 | Spider:4 | Lost mutation: Your spells are a little easier to cast, but a little less powerful. [mutagenic meat]
 27617 | Spider:4 | Gained mutation: Your flesh is cold resistant. (rC+) [mutagenic meat]
 27618 | Spider:4 | Lost mutation: You have a pair of small antennae on your head. [mutagenic meat]
 27619 | Spider:4 | Gained mutation: Your magical capacity is low. (-10% MP) [mutagenic meat]
 27772 | Spider:4 | Reached XP level 17. HP: 17/141 MP: 1/22
 27975 | Spider:4 | Got a gossamer rune of Zot
 28048 | Spider:4 | Received a gift from Okawaru
 28079 | Spider:4 | Lost mutation: Your magical capacity is low. (-10% MP) [potion of mutation]
 28079 | Spider:4 | Lost mutation: Your flesh is cold resistant. (rC+) [potion of mutation]
 28079 | Spider:4 | Lost mutation: You are extremely robust. (+30% HP) [potion of mutation]
 28079 | Spider:4 | Lost mutation: You have a somewhat thin skeletal structure. (Dex +2, Stealth) [potion of mutation]
 28079 | Spider:4 | Gained mutation: You are agile. (Dex +2) [potion of mutation]
 28079 | Spider:4 | Gained mutation: Your magical capacity is low. (-10% MP) [potion of mutation]
 28079 | Spider:4 | Gained mutation: You are resistant to hostile enchantments. (MR+) [potion of mutation]
 28180 | Spider:4 | Gained mutation: You have sharp toenails. [mutagenic meat]
 28181 | Spider:4 | Gained mutation: You are partially covered in yellow scales. (AC +2) [mutagenic meat]
 28182 | Spider:4 | Gained mutation: Armour fits poorly on your strangely shaped body. [mutagenic meat]
 28729 | Slime:1  | Entered Level 1 of the Pits of Slime
 28730 | Slime:1  | Noticed an acid blob
 28994 | Shoals:1 | Entered Level 1 of the Shoals
 29117 | Shoals:1 | Found Plog's Antique Armour Emporium.
 29217 | Shoals:1 | Found Zegiett's Antique Armour Shop.
 29225 | Shoals:1 | Bought a shiny buckler for 285 gold pieces
 29265 | Shoals:1 | Found Potil's Jewellery Emporium.
 29374 | Shoals:1 | Noticed Aizul
 29399 | Shoals:1 | Killed Aizul
 29440 | Shoals:1 | Found Xisoicli's Armour Shop.
 29568 | Shoals:1 | Noticed a kraken
 29599 | Shoals:1 | Killed a kraken
 29753 | Shoals:2 | Reached skill level 10 in Dodging
 30463 | Shoals:3 | Received a gift from Okawaru
 30568 | Shoals:3 | Learned a level 9 spell: Shatter
 30737 | Shoals:3 | Cast into level 2 of the Abyss (merfolk impaler)
 30842 | Abyss:2  | Found a roughly hewn altar of Beogh.
 30870 | Abyss:2  | Found a corrupted altar of Lugonu.
 30925 | Abyss:2  | Reached skill level 14 in Armour
 30932 | Abyss:2  | Gained mutation: Your magical capacity is very low. (-20% MP) [a neqoxec]
 30952 | Shoals:3 | Escaped the Abyss
 31073 | Shoals:3 | Cast into level 3 of the Abyss (merfolk impaler)
 31181 | Abyss:3  | Noticed a lich
 31221 | Abyss:3  | Noticed a bone dragon
 31242 | Abyss:3  | Killed a bone dragon
 31268 | Abyss:3  | Reached XP level 18. HP: 51/139 MP: 5/20
 31270 | Shoals:3 | Escaped the Abyss
 31270 | Shoals:3 | Noticed Jorgrun
 31284 | Shoals:3 | Gained mutation: Scrolls take you longer to read. [mutagenic meat]
 31285 | Shoals:3 | Gained mutation: Your muscles are strong. (Str +2) [mutagenic meat]
 31412 | Shoals:3 | HP: 2/139 [Jorgrun/Shatter (85)]
 31421 | Shoals:3 | Killed Jorgrun
 31814 | Shoals:4 | Entered Level 4 of the Shoals
 31830 | Shoals:4 | Noticed Ilsuiw
 31972 | Shoals:4 | Killed Ilsuiw
 32001 | Shoals:4 | Received a gift from Okawaru
 32229 | Shoals:4 | Got a pair of faintly glowing boots {god gift}
 32240 | Shoals:4 | Identified the +0 pair of boots of Weirdness {Dex+6} (Okawaru gifted it to you on level 4 of the Shoals)
 33142 | Shoals:4 | Received a gift from Okawaru
 33150 | Shoals:4 | Got a barnacled rune of Zot
 33354 | Shoals:4 | Learned a level 6 spell: Iron Shot
 33684 | D:10     | Reached skill level 15 in Fighting
 34273 | D:11     | Noticed Snorg
 34284 | D:11     | Killed Snorg
 34805 | D:11     | Reached skill level 15 in Armour
 34904 | D:11     | Found a staircase to the Orcish Mines.
 34992 | Orc:1    | Entered Level 1 of the Orcish Mines
 34992 | Orc:1    | Found Kixkoudue's Distillery.
 35159 | Orc:1    | Bought 2 potions of curing for 96 gold pieces
 35159 | Orc:1    | Bought a potion of invisibility for 128 gold pieces
 35159 | Orc:1    | Bought a potion of curing for 48 gold pieces
 35159 | Orc:1    | Bought a potion of curing for 48 gold pieces
 35324 | Orc:2    | Entered Level 2 of the Orcish Mines
 35437 | Orc:2    | Reached XP level 19. HP: 116/148 MP: 17/21
 35457 | Orc:2    | Noticed saplok's ghost (journeyman MfSk)
 35475 | Orc:2    | Killed saplok's ghost
 35566 | Orc:2    | Found a staircase to the Elven Halls.
 35628 | Orc:2    | Noticed Sonja
 35656 | Orc:2    | Killed Sonja
 35921 | Orc:2    | Found Saply's Armour Shoppe.
 35921 | Orc:2    | Found Nolunt's Armour Boutique.
 35923 | Orc:2    | Found Ofesacoll's Assorted Antiques.
 35925 | Orc:2    | Found Oteaniox's Weapon Emporium.
 36079 | Elf:1    | Entered Level 1 of the Elven Halls
 36130 | Elf:1    | Reached skill level 1 in Earth Magic
 36329 | Elf:1    | Found a magical portal.
 36334 | WizLab   | Entered Wucad Mu's Monastery
 36882 | Elf:1    | Reached skill level 1 in Spellcasting
 37045 | Elf:1    | Received a gift from Okawaru
 37266 | Elf:1    | Reached skill level 15 in Shields
 37988 | Elf:1    | Received a gift from Okawaru
 38059 | Elf:2    | Found an ancient bone altar of Kikubaaqudgha.
 38094 | Elf:2    | Found Abus's Antique Weapon Boutique.
 38232 | Elf:2    | Found a portal to a secret trove of treasure.
 38312 | Elf:2    | Bought a glowing demon trident for 738 gold pieces
 39031 | Elf:2    | Found a runed gate.
 39031 | Elf:2    | Found a runed gate.
 39031 | Elf:2    | Found a runed gate.
 39263 | Elf:2    | Received a gift from Okawaru
 39639 | Elf:3    | Entered Level 3 of the Elven Halls
 39740 | Elf:3    | Reached XP level 20. HP: 156/156 MP: 22/22
 39800 | Elf:3    | Found Ziqo's Book Shop.
 39867 | Elf:3    | Reached skill level 5 in Earth Magic
 39995 | Elf:3    | Cast into level 2 of the Abyss (a deep elf sorcerer)
 40081 | Abyss:2  | Found a transporter.
 40086 | Abyss:2  | Found a corrupted altar of Lugonu.
 40108 | Abyss:2  | Paralysed by accursed screaming for 2 turns
 40113 | Abyss:2  | Paralysed by accursed screaming for 2 turns
 40511 | Abyss:2  | Gained mutation: Your body sometimes deteriorates upon taking damage. [a neqoxec]
 40564 | Elf:3    | Escaped the Abyss
 41145 | Elf:3    | Reached skill level 16 in Armour
 41353 | Elf:3    | Received a gift from Okawaru
 41673 | Elf:3    | Reached skill level 5 in Spellcasting
 42293 | Slime:1  | Received a gift from Okawaru
 43176 | Slime:3  | Noticed Dissolution
 43190 | Slime:2  | Killed Dissolution
 43190 | Slime:2  | Reached XP level 21. HP: 157/163 MP: 14/23
 44598 | Slime:4  | Found a shimmering altar of Xom.
 45074 | Slime:5  | Entered Level 5 of the Pits of Slime
 45079 | Slime:5  | Gained mutation: Potions are less effective at restoring your health. [a shining eye]
 45083 | Slime:4  | Paralysed by a floating eye for 2 turns
 45089 | Slime:4  | Paralysed by a floating eye for 3 turns
 45100 | Slime:5  | Gained mutation: You expend magic power (3 MP) to strengthen your wands. [a shining eye]
 45106 | Slime:5  | Gained mutation: Your spells are a little easier to cast, but a little less powerful. [a shining eye]
 45109 | Slime:4  | Gained mutation: Your magical capacity is extremely low. (-30% MP) [a shining eye]
 45133 | Slime:4  | Received a gift from Okawaru
 46123 | Slime:5  | Noticed the Royal Jelly
 46151 | Slime:5  | Killed the Royal Jelly
 47312 | Slime:5  | Identified the Disquisition on Displaced Malediction
 47416 | Slime:5  | Got a slimy rune of Zot
 47473 | Slime:5  | Got a slimy copper ring
 47500 | Slime:5  | Learned a level 8 spell: Controlled Blink
 47578 | Slime:5  | Learned a level 3 spell: Regeneration
 47583 | Slime:5  | Learned a level 4 spell: Petrify
 47591 | Slime:5  | Identified the ring "Mouzif" {+Fly Int+3 Dex+3} (You found it on level 5 of the Pits of Slime)
 47936 | Slime:5  | Got a warped demon whip
 47941 | Slime:5  | Identified the +2 demon whip of Ziechu {drain, rN+} (You found it on level 5 of the Pits of Slime)
 48461 | Lair:2   | Got a faintly humming plate armour
 48465 | Lair:2   | Got a vibrating pewter ring
 48485 | Lair:2   | Identified the +4 plate armour of the Doldrums {rPois rF+ rCorr} (You found it on level 2 of the Lair of Beasts)
 48516 | Lair:2   | Identified the ring of Cig Kiem {Fire rPois rN+ MP+9} (You found it on level 2 of the Lair of Beasts)
 48731 | Elf:1    | Got a pair of distressingly furry gloves
 48742 | Elf:1    | Identified the +0 pair of gloves of Jigsaw {rPois rN+ MP-9 Str+3} (You found it on level 1 of the Elven Halls)
 48957 | D:12     | Received a gift from Okawaru
 48960 | D:12     | Got a pair of heavily runed gloves {god gift}
 48971 | D:12     | Identified the +1 pair of gloves "Vimoy" {+Blink Int+2} (Okawaru gifted it to you on level 12 of the Dungeon)
 49067 | D:12     | Reached XP level 22. HP: 163/172 MP: 11/22
 49499 | D:13     | Lost mutation: Your muscles are strong. (Str +2) [potion of mutation]
 49499 | D:13     | Lost mutation: You are resistant to hostile enchantments. (MR+) [potion of mutation]
 49499 | D:13     | Lost mutation: Your magical capacity is extremely low. (-30% MP) [potion of mutation]
 49499 | D:13     | Lost mutation: Your spells are a little easier to cast, but a little less powerful. [potion of mutation]
 49499 | D:13     | Lost mutation: Scrolls take you longer to read. [potion of mutation]
 49499 | D:13     | Lost mutation: Scrolls take you a little longer to read. [potion of mutation]
 49499 | D:13     | Gained mutation: You possess an exceptional clarity of mind. [potion of mutation]
 49821 | Lair:1   | Lost mutation: Armour fits poorly on your strangely shaped body. [potion of mutation]
 49821 | Lair:1   | Lost mutation: You possess an exceptional clarity of mind. [potion of mutation]
 49821 | Lair:1   | Lost mutation: You are very robust. (+20% HP) [potion of mutation]
 49821 | Lair:1   | Lost mutation: You are robust. (+10% HP) [potion of mutation]
 49821 | Lair:1   | Lost mutation: You have sharp toenails. [potion of mutation]
 49821 | Lair:1   | Gained mutation: You are dopey. (Int -2) [potion of mutation]
 49821 | Lair:1   | Lost mutation: Your magical capacity is very low. (-20% MP) [potion of mutation]
 49821 | Lair:1   | Gained mutation: You have a pair of small horns on your head. [potion of mutation]
 50675 | D:14     | Lost mutation: You are dopey. (Int -2) [potion of mutation]
 50675 | D:14     | Lost mutation: You expend magic power (3 MP) to strengthen your wands. [potion of mutation]
 50675 | D:14     | Lost mutation: You are agile. (Dex +2) [potion of mutation]
 50675 | D:14     | Gained mutation: You are resistant to hostile enchantments. (MR+) [potion of mutation]
 50675 | D:14     | Gained mutation: You are clumsy. (Dex -2) [potion of mutation]
 50675 | D:14     | Gained mutation: Your spells are a little harder to cast, but a little more powerful. [potion of mutation]
 50893 | D:14     | Lost mutation: Your magical capacity is low. (-10% MP) [potion of mutation]
 50893 | D:14     | Lost mutation: You have a pair of small horns on your head. [potion of mutation]
 50893 | D:14     | Lost mutation: You are clumsy. (Dex -2) [potion of mutation]
 50893 | D:14     | Lost mutation: You are resistant to hostile enchantments. (MR+) [potion of mutation]
 50893 | D:14     | Lost mutation: Potions are less effective at restoring your health. [potion of mutation]
 50893 | D:14     | Gained mutation: You are somewhat resistant to further mutation. [potion of mutation]
 50893 | D:14     | Gained mutation: You are somewhat resistant to both further mutation and mutation removal. [potion of mutation]
 50967 | D:14     | Found a gate to the Vaults.
 51208 | Vaults:1 | Entered Level 1 of the Vaults
 51610 | Vaults:1 | Reached skill level 17 in Armour
 52333 | Vaults:1 | Reached skill level 10 in Earth Magic
 52429 | Vaults:1 | Received a gift from Okawaru
 52484 | Vaults:1 | Got an obsidian-encrusted scale mail {god gift}
 52495 | Vaults:1 | Identified the +6 scale mail "Zaemaemusk" {rElec} (Okawaru gifted it to you on level 1 of the Vaults)
 52828 | Vaults:2 | Got a brightly glowing mace
 52883 | Vaults:2 | Identified the +12 mace of the Tooth {protect, Str+2} (You found it on level 2 of the Vaults)
 53053 | Vaults:2 | Got a spiked shield
 53064 | Vaults:2 | Identified the +3 shield of Duxegeebb {rPois rF- rN+ Regen+} (You found it on level 2 of the Vaults)
 53252 | Vaults:2 | Reached skill level 15 in Dodging
 53350 | Vaults:2 | Found a staircase to the Crypt.
 53350 | Vaults:2 | Found an ancient bone altar of Kikubaaqudgha.
 53351 | Vaults:2 | Found a basalt altar of Yredelemnul.
 53518 | Vaults:2 | Found a sacrificial altar of Ru.
 53795 | Vaults:2 | Reached XP level 23. HP: 106/150 MP: 19/35
 53855 | Vaults:2 | Identified a scroll of acquirement
 53867 | Vaults:2 | Got a brightly glowing lead ring
 53869 | Vaults:2 | Identified the ring "Ukesunn" {EV+1 Str+3} (You acquired it on level 2 of the Vaults)
 54208 | Vaults:3 | Gained mutation: Your magical capacity is low. (-10% MP) [mutagenic meat]
 54209 | Vaults:3 | Gained mutation: You are resistant to hostile enchantments. (MR+) [mutagenic meat]
 54712 | Vaults:3 | Got a faintly glowing battleaxe
 54931 | Vaults:3 | Found Quydari's Distillery.
 54937 | Vaults:3 | Bought 2 potions of might for 112 gold pieces
 54937 | Vaults:3 | Bought a potion of haste for 140 gold pieces
 54937 | Vaults:3 | Bought a potion of haste for 140 gold pieces
 55404 | Vaults:4 | Received a gift from Okawaru
 55576 | Vaults:4 | Found a sacrificial altar of Ru.
 55676 | Vaults:4 | Found Esonlit's Gadget Shop.
 56610 | Vaults:5 | Entered Level 5 of the Vaults
 56658 | Vaults:5 | Noticed Bai Suzhen
 56721 | Vaults:5 | Killed Bai Suzhen
 56722 | Vaults:5 | Noticed a golden dragon
 56746 | Vaults:5 | Killed a golden dragon
 56746 | Vaults:5 | Reached skill level 18 in Armour
 56748 | Vaults:5 | Received a gift from Okawaru
 56793 | Vaults:5 | Reached XP level 24. HP: 127/157 MP: 2/33
 57017 | Vaults:5 | Reached skill level 10 in Spellcasting
 57116 | Vaults:5 | Received a gift from Okawaru
 57345 | Vaults:5 | Received a gift from Okawaru
 57577 | Vaults:5 | Got a translucent large shield {god gift}
 57580 | Vaults:5 | Got a faintly humming scale mail {god gift}
 57609 | Vaults:5 | Identified the +0 large shield of the Blizzard {Str+5 Stlth-} (Okawaru gifted it to you on level 5 of the Vaults)
 57639 | Vaults:5 | Identified the +1 scale mail of Valour {Dex+5 Stlth+} (Okawaru gifted it to you on level 5 of the Vaults)
 57771 | Vaults:5 | Got a silver rune of Zot
 58058 | Vaults:5 | Identified the Disquisition on Dislocated Calling
 58072 | Vaults:5 | Got a flickering amber ring
 58074 | Vaults:5 | Identified the ring of Hepizo Upann {rF- MR++ Int+6 SInv Stlth+} (You acquired it on level 5 of the Vaults)
 58392 | Vaults:5 | Found Womuygec's Antique Weapon Shop.
 58637 | Crypt:1  | Entered Level 1 of the Crypt
 58686 | Crypt:1  | Reached XP level 25. HP: 154/164 MP: 24/33
 58689 | Vaults:2 | Reached XP level 26. HP: 163/170 MP: 24/33
 58690 | Vaults:2 | Reached XP level 27. HP: 169/176 MP: 24/34
 59083 | Crypt:1  | Noticed Xtahua
 59091 | Crypt:1  | Killed Xtahua
 60218 | Crypt:3  | Entered Level 3 of the Crypt
 60432 | Crypt:3  | Received a gift from Okawaru
 60620 | Crypt:3  | Found a staircase to the Tomb.
 61186 | Crypt:3  | Found an ancient bone altar of Kikubaaqudgha.
 61193 | Crypt:3  | Reached skill level 19 in Armour
 61410 | Crypt:3  | Noticed an ancient lich
 61433 | Crypt:3  | Killed an ancient lich
 61877 | Crypt:3  | Got a slimy bone ring
 61877 | Crypt:3  | Got a translucent marble ring
 61877 | Crypt:3  | Got a vibrating golden ring
 61879 | Crypt:3  | Identified the ring of Qajoig {rN+ Int+3} (You found it on level 3 of the Crypt)
 61881 | Crypt:3  | Identified the ring "Wih Vugu" {*Slow +Fly rPois rN+ Str+7} (You found it on level 3 of the Crypt)
 61883 | Crypt:3  | Identified the ring "Canwycofa" {rF+ rN+ Str-5 Slay+3} (You found it on level 3 of the Crypt)
 62497 | D:15     | Entered Level 15 of the Dungeon
 62658 | D:15     | Noticed Kirke
 62665 | D:15     | Killed Kirke
 62728 | D:15     | Found a staircase to the Depths.
 62974 | D:15     | Got a slimy pewter ring
 62980 | D:15     | Identified the ring "Ixuiphi" {rElec rN+ Str+4 Slay+2} (You found it on level 15 of the Dungeon)
 62994 | D:15     | Found Pimny's Jewellery Emporium.
 63091 | D:15     | Got a fine jade ring
 63093 | D:15     | Identified the ring "Buacoboq" {rCorr Slay+2} (You found it on level 15 of the Dungeon)
 63102 | D:15     | Found Kusaid's Weapon Emporium.
 63261 | D:15     | Got a ring of the Octopus King
 63264 | D:15     | Identified a ring of the Octopus King {rF+ AC+1 EV+1 Str+1 Int+1 Dex+1} (You found it on level 15 of the Dungeon)
 63310 | D:15     | Found Quodocoe's Assorted Antiques.
 63316 | D:15     | Bought a scorched lead ring for 115 gold pieces
 63316 | D:15     | Bought a scroll of enchant armour for 172 gold pieces
 63317 | D:15     | Identified the ring "Ijeij" {Str+3 Dex+3 Slay+3} (You bought it in a shop on level 15 of the Dungeon)
 63360 | Depths:1 | Entered Level 1 of the Depths
 63381 | Depths:1 | Received a gift from Okawaru
 63609 | Depths:1 | Found Ines's Jewellery Boutique.
 63609 | Depths:1 | Found Foinorch's Gadget Shoppe.
 63610 | Depths:1 | Found Ewuered's Gadget Shoppe.
 63629 | Depths:1 | Found a gateway to a ziggurat.
 64024 | Depths:1 | Found a gateway to Hell.
 64153 | Depths:1 | Reached skill level 1 in Necromancy
 64214 | Depths:2 | Reached skill level 1 in Charms
 65068 | Depths:3 | Gained mutation: Your body often deteriorates upon taking damage. [mutagenic meat]
 65102 | Depths:3 | Received a gift from Okawaru
 65103 | Depths:3 | Got a bloodstained hat {god gift}
 65114 | Depths:3 | Identified the +0 hat of Tonlir {*Contam rC+ Dex+4 Slay+5} (Okawaru gifted it to you on level 3 of the Depths)
 65616 | Depths:3 | Found Jofo's Blood Bar.
 65788 | Depths:3 | Found a one-way gate leading to the halls of Pandemonium.
 65799 | Depths:3 | Gained mutation: You tend to lose your temper in combat. [a cacodemon]
 65800 | Depths:3 | Reached skill level 20 in Armour
 66141 | Depths:4 | Found Miwiosen's General Store.
 66145 | Depths:4 | Found Goirch's Gadget Shoppe.
 66332 | Depths:4 | Found a one-way gate to the infinite horrors of the Abyss.
 66777 | Depths:4 | Gained mutation: You are weak. (Str -2) [mutagenic meat]
 66830 | Depths:4 | Found Ocock's General Store.
 66835 | Depths:4 | Bought a potion of heal wounds for 65 gold pieces
 66835 | Depths:4 | Bought a scroll of enchant weapon for 97 gold pieces
 66869 | Depths:4 | Found Vayschat's Antique Weapon Shop.
 67037 | Depths:4 | Found Halaadad's Gadget Shoppe.
 67100 | Depths:4 | Found a runed door.
 67661 | Elf:2    | You paid a toll of a +6 demon trident to enter a treasure trove
 67662 | Trove    | Entered a treasure trove
 67675 | Trove    | Got a distressingly furry crystal plate armour
 67677 | Trove    | Got a steaming large shield
 67682 | Trove    | Got a pair of brightly glowing gloves
 67684 | Trove    | Got an ichor-stained shield
 67688 | Trove    | Got a warped large shield
 67705 | Trove    | Got an encrusted ring mail
 67732 | Trove    | Identified the +5 crystal plate armour of the Skies Above {+Fly} (You found it in a treasure trove)
 67742 | Trove    | Identified the -6 large shield of Acaogof {rPois} (You found it in a treasure trove)
 67752 | Trove    | Identified the +0 pair of gloves "Rojecih" {MR++ Str+2} (You found it in a treasure trove)
 67762 | Trove    | Identified the +3 shield "Anoguj" {rPois Int+4} (You found it in a treasure trove)
 67772 | Trove    | Identified the -4 large shield "Afifi" {rC+++ MR- MP+9 Stlth+} (You found it in a treasure trove)
 67782 | Trove    | Identified the +0 ring mail "Tyemi" {*Contam rC+ Str+8} (You found it in a treasure trove)
 68152 | Depths:5 | Entered Level 5 of the Depths
 68308 | Depths:4 | Received a gift from Okawaru
 68827 | Depths:5 | Found Qeimua's Distillery.
 68840 | Depths:5 | Bought a potion of curing for 39 gold pieces
 68840 | Depths:5 | Bought a potion of agility for 52 gold pieces
 68840 | Depths:5 | Bought 2 potions of mutation for 208 gold pieces
 68840 | Depths:5 | Bought a potion of mutation for 104 gold pieces
 68840 | Depths:5 | Bought a potion of heal wounds for 65 gold pieces
 68840 | Depths:5 | Lost mutation: Your magical capacity is low. (-10% MP) [potion of mutation]
 68840 | Depths:5 | Lost mutation: You are weak. (Str -2) [potion of mutation]
 68840 | Depths:5 | Lost mutation: Your spells are a little harder to cast, but a little more powerful. [potion of mutation]
 68840 | Depths:5 | Lost mutation: Your body often deteriorates upon taking damage. [potion of mutation]
 68840 | Depths:5 | Gained mutation: You have a pair of small horns on your head. [potion of mutation]
 68841 | Depths:5 | Lost mutation: Your body sometimes deteriorates upon taking damage. [potion of mutation]
 68924 | Depths:5 | Reached skill level 5 in Charms
 69285 | Depths:5 | Found a gate to the Realm of Zot.
 69914 | Zot:1    | Entered Level 1 of the Realm of Zot
 69952 | Zot:1    | Received a gift from Okawaru
 70168 | Zot:1    | Reached skill level 5 in Necromancy
 70299 | Zot:1    | Reached skill level 21 in Armour
 70587 | Zot:1    | Received a gift from Okawaru
 70843 | Zot:1    | Learned a level 8 spell: Lehudib's Crystal Spear
 71421 | Zot:2    | Received a gift from Okawaru
 72989 | Zot:3    | Received a gift from Okawaru
 73117 | Zot:4    | Reached skill level 22 in Armour
 73399 | Zot:4    | Received a gift from Okawaru
 74237 | Zot:5    | Entered Level 5 of the Realm of Zot
 74561 | Zot:5    | Noticed an ancient lich
 74569 | Zot:5    | Killed an ancient lich
 74571 | Zot:5    | Noticed an ancient lich
 74593 | Zot:5    | Killed an ancient lich
 74593 | Zot:5    | Received a gift from Okawaru
 74603 | Zot:5    | Reached skill level 23 in Armour
 74605 | Zot:5    | Noticed an orb of fire
 74609 | Zot:5    | Noticed an ancient lich
 74618 | Zot:5    | Gained mutation: You are weak. (Str -2) [an orb of fire]
 74620 | Zot:5    | Killed an orb of fire
 74636 | Zot:5    | Killed an ancient lich
 74653 | Zot:5    | Received a gift from Okawaru
 74828 | Zot:5    | Noticed an orb of fire
 74835 | Zot:5    | Killed an orb of fire
 74863 | Zot:5    | Noticed an orb of fire
 74869 | Zot:5    | Gained mutation: Your mind is acute. (Int +2) [an orb of fire]
 74880 | Zot:5    | Killed an orb of fire
 75026 | Zot:5    | Noticed an ancient lich
 75037 | Zot:5    | Killed an ancient lich
 75108 | Zot:5    | Noticed an ancient lich
 75119 | Zot:5    | Killed an ancient lich
 75119 | Zot:5    | Received a gift from Okawaru
 75170 | Zot:5    | Noticed an orb of fire
 75187 | Zot:5    | Killed an orb of fire
 75216 | Zot:5    | Gained mutation: You expend magic power (3 MP) to strengthen your wands. [mutagenic meat]
 75467 | Zot:5    | Noticed an ancient lich
 75478 | Zot:5    | Killed an ancient lich
 75478 | Zot:5    | Reached skill level 10 in Charms
 76211 | Tomb:1   | Entered Level 1 of the Tomb of the Ancients
 76407 | Tomb:1   | Noticed a greater mummy
 76408 | Tomb:1   | Noticed a greater mummy
 76457 | Tomb:1   | Killed a greater mummy
 76571 | Tomb:1   | Killed a greater mummy
 76571 | Tomb:1   | Reached skill level 24 in Armour
 76593 | Tomb:1   | Noticed a greater mummy
 76598 | Tomb:1   | Noticed a greater mummy
 76600 | Tomb:1   | Received a gift from Okawaru
 76612 | Tomb:1   | Killed a greater mummy
 76623 | Tomb:1   | Killed a greater mummy
 76657 | Tomb:1   | Learned a level 8 spell: Ignition
 76663 | Tomb:1   | Got a pair of jewelled boots {god gift}
 76674 | Tomb:1   | Identified the +2 pair of boots of the Bulwark {rC+ rN+ Int+4} (Okawaru gifted it to you on level 1 of the Tomb of the Ancients)
 77010 | Tomb:2   | Noticed a greater mummy
 77010 | Tomb:2   | Noticed a greater mummy
 77010 | Tomb:2   | Noticed a greater mummy
 77010 | Tomb:2   | Noticed a greater mummy
 77048 | Tomb:2   | Reached skill level 10 in Necromancy
 77081 | Tomb:2   | Killed a greater mummy
 77085 | Tomb:2   | Killed a greater mummy
 77112 | Tomb:2   | Killed a greater mummy
 77183 | Tomb:2   | Killed a greater mummy
 77496 | Tomb:1   | Noticed a greater mummy
 77520 | Tomb:1   | Killed a greater mummy
 77520 | Tomb:1   | Received a gift from Okawaru
 77616 | Tomb:1   | Noticed a greater mummy
 77626 | Tomb:1   | Killed a greater mummy
 77629 | Tomb:1   | Noticed a greater mummy
 77635 | Tomb:1   | Noticed a greater mummy
 77642 | Tomb:1   | Killed a greater mummy
 77644 | Tomb:1   | Noticed a greater mummy
 77649 | Tomb:1   | Killed a greater mummy
 77661 | Tomb:1   | Killed a greater mummy
 77750 | Tomb:1   | Noticed a greater mummy
 77759 | Tomb:1   | Killed a greater mummy
 77761 | Tomb:1   | Noticed a greater mummy
 77761 | Tomb:1   | Noticed a greater mummy
 77764 | Tomb:1   | Noticed a greater mummy
 77773 | Tomb:1   | Noticed a greater mummy
 77778 | Tomb:1   | Killed a greater mummy
 77805 | Tomb:1   | Killed a greater mummy
 77818 | Tomb:1   | Killed a greater mummy
 77826 | Tomb:1   | Killed a greater mummy
 77924 | Tomb:1   | Noticed a greater mummy
 77978 | Tomb:1   | Killed a greater mummy
 78021 | Tomb:1   | Noticed a greater mummy
 78040 | Tomb:1   | Killed a greater mummy
 78070 | Tomb:1   | Noticed a greater mummy
 78082 | Tomb:1   | Killed a greater mummy
 78175 | Tomb:1   | Noticed a greater mummy
 78186 | Tomb:1   | Killed a greater mummy
 78186 | Tomb:1   | Received a gift from Okawaru
 78190 | Tomb:1   | Noticed a greater mummy
 78204 | Tomb:1   | Killed a greater mummy
 78209 | Tomb:1   | Noticed a greater mummy
 78238 | Tomb:1   | Killed a greater mummy
 78358 | Tomb:1   | Noticed a greater mummy
 78364 | Tomb:1   | Noticed a greater mummy
 78377 | Tomb:1   | Killed a greater mummy
 78385 | Tomb:1   | Killed a greater mummy
 78417 | Tomb:1   | Noticed a greater mummy
 78486 | Tomb:1   | Killed a greater mummy
 78486 | Tomb:1   | Reached skill level 25 in Armour
 78555 | Tomb:1   | Noticed a greater mummy
 78556 | Tomb:1   | Noticed a greater mummy
 78561 | Tomb:1   | Killed a greater mummy
 78569 | Tomb:1   | Killed a greater mummy
 78578 | Tomb:1   | Noticed a greater mummy
 78579 | Tomb:1   | Noticed a greater mummy
 78580 | Tomb:1   | Noticed a greater mummy
 78588 | Tomb:1   | Noticed a greater mummy
 78589 | Tomb:1   | Killed a greater mummy
 78605 | Tomb:1   | Killed a greater mummy
 78609 | Tomb:1   | Killed a greater mummy
 78624 | Tomb:1   | Killed a greater mummy
 78963 | Tomb:3   | Entered Level 3 of the Tomb of the Ancients
 78998 | Tomb:3   | Received a gift from Okawaru
 79030 | Tomb:3   | Noticed a greater mummy
 79051 | Tomb:3   | Noticed a greater mummy
 79058 | Tomb:3   | Killed a greater mummy
 79060 | Tomb:3   | Noticed a greater mummy
 79065 | Tomb:3   | Noticed a greater mummy
 79068 | Tomb:3   | Noticed a greater mummy
 79068 | Tomb:3   | Noticed a greater mummy
 79073 | Tomb:3   | Killed a greater mummy
 79077 | Tomb:3   | HP: 5/186 [greater mummy/divine providence (16)]
 79480 | Tomb:3   | Killed a greater mummy
 79481 | Tomb:3   | Noticed a greater mummy
 79486 | Tomb:3   | Noticed an ancient lich
 79490 | Tomb:3   | Noticed a greater mummy
 79499 | Tomb:3   | Killed a greater mummy
 79499 | Tomb:3   | Received a gift from Okawaru
 79720 | Tomb:3   | Killed a greater mummy
 79723 | Tomb:3   | Killed a greater mummy
 79729 | Tomb:3   | Killed a greater mummy
 79739 | Tomb:3   | Killed a greater mummy
 79743 | Tomb:3   | Killed an ancient lich
 79953 | Tomb:3   | Identified the Catalogue of Evil Rites
 80017 | Tomb:3   | Got a scintillating brass ring
 80023 | Tomb:3   | Identified Sif Muna's Guide on Twisted Displacement
 80037 | Tomb:3   | Got a vibrating turquoise ring
 80103 | Tomb:3   | Got a golden rune of Zot
 80354 | Tomb:3   | Got a warped great sword
 80375 | Tomb:3   | Got a translucent halberd
 80381 | Tomb:3   | Identified the +9 great sword "Useoshru" {protect, SInv} (You found it on level 3 of the Tomb of the Ancients)
 80382 | Tomb:3   | Identified the cursed +2 halberd of the Desert {chop, rN++ Int-2 Dex+3} (You found it on level 3 of the Tomb of the Ancients)
 80388 | Tomb:3   | Identified the ring "Wyd Hiwa" {Ice rN+} (You found it on level 3 of the Tomb of the Ancients)
 80391 | Tomb:3   | Identified the ring "Atusap" {Str+4 Dex+3} (You found it on level 3 of the Tomb of the Ancients)
 81156 | Hell     | Entered the Vestibule of Hell
 81156 | Hell     | Noticed Geryon
 81198 | Hell     | Killed Geryon
 81324 | Hell     | Found a gateway to the Iron City of Dis.
 81375 | Hell     | Found a gateway to the ashen valley of Gehenna.
 81462 | Hell     | Received a gift from Okawaru
 81470 | Hell     | Found a gateway to the decaying netherworld of Tartarus.
 81524 | Hell     | Noticed Murray
 81552 | Hell     | Killed Murray
 81651 | Hell     | Found a gateway to the freezing wastes of Cocytus.
 81726 | Tar:1    | Entered Level 1 of Tartarus
 81838 | Tar:1    | Received a gift from Okawaru
 81968 | Tar:1    | Reached skill level 26 in Armour
 83564 | Tar:2    | Received a gift from Okawaru
 83565 | Tar:2    | Got encrusted steam dragon scales {god gift}
 83576 | Tar:2    | Identified the +4 steam dragon scales of Snakes and Ladders {MR+} (Okawaru gifted it to you on level 2 of Tartarus)
 84379 | Tar:3    | Received a gift from Okawaru
 84878 | Tar:3    | Reached skill level 27 in Armour
 85117 | Tar:3    | You fall through a shaft for 3 floors!
 85236 | Tar:6    | Received a gift from Okawaru
 85738 | Tar:6    | Received a gift from Okawaru
 86305 | Tar:7    | Entered Level 7 of Tartarus
 86854 | Tar:7    | Received a gift from Okawaru
 88124 | Tar:7    | Received a gift from Okawaru
 88125 | Tar:7    | Got a twisted robe {god gift}
 88139 | Tar:7    | Identified the +3 robe of Fogigom {rPois rC+ SInv} (Okawaru gifted it to you on level 7 of Tartarus)
 88938 | Tar:7    | Noticed Ereshkigal
 88997 | Tar:7    | Killed Ereshkigal
 89031 | Tar:7    | Identified Sif Muna's Guide on the Dislocated Arsonist
 89036 | Tar:7    | Got a bone rune of Zot
 89226 | Geh:1    | Entered Level 1 of Gehenna
 89300 | Dis:1    | Entered Level 1 of the Iron City of Dis
 89602 | Dis:1    | Noticed a greater mummy
 89611 | Dis:1    | Noticed a greater mummy
 89618 | Dis:1    | Killed a greater mummy
 89651 | Dis:1    | Killed a greater mummy
 89651 | Dis:1    | Received a gift from Okawaru
 91128 | Dis:3    | Received a gift from Okawaru
 92746 | Dis:5    | Received a gift from Okawaru
 92830 | Dis:5    | Identified a +2 pair of boots of running (Okawaru gifted it to you on level 5 of the Iron City of Dis)
 94252 | Dis:7    | Entered Level 7 of the Iron City of Dis
 94446 | Dis:7    | Received a gift from Okawaru
 94795 | Dis:7    | Received a gift from Okawaru
 94868 | Dis:7    | Noticed Dispater
 94908 | Dis:7    | Killed from afar by Dispater

Skill      XL: |  1  2  3  4  5  6  7  8  9 10 11 12 13 14 15 16 17 18 19 20 21 22 23 24 25 26 27 |
---------------+----------------------------------------------------------------------------------+-----
Unarmed Combat | 3 4 5 6 7 8 9 11 12 13 14 15 16 17 18 19 26 | 26.0
Fighting       | 4 5 6 7 8 9 10 11 12 13 14 15 16 17 18 26 | 26.6
Armour         | 4 5 6 7 8 9 10 11 12 13 14 15 16 17 18 27 | 27.0
Shields        | 4 5 6 7 8 9 10 11 12 13 14 15 16 17 18 26 | 26.3
Dodging        | 2 3 4 5 6 7 8 9 10 11 12 13 14 15 16 22 | 22.2
Invocations    | 1 3 5 7 8 9 10 | 10.0
Evocations     | 2 5 6 |  6.3
Earth Magic    | 4 7 9 10 12 13 14 | 14.7
Spellcasting   | 3 5 7 8 9 10 11 | 11.9
Conjurations   | 2 3 |  3.4
Necromancy     | 13 | 13.0
Charms         | 13 | 13.9

Action                   |  1- 3 |  4- 6 |  7- 9 | 10-12 | 13-15 | 16-18 | 19-21 | 22-24 | 25-27 || total
-------------------------+-------+-------+-------+-------+-------+-------+-------+-------+-------++-------
Melee: Unarmed           |   131 |   193 |   739 |   992 |  1981 |  2458 |  2459 |  2147 |  8449 || 19549
       Demon trident     |       |       |       |       |       |       |     6 |       |    21 ||    27
       Headbutt          |       |       |       |       |       |       |       |    28 |  2378 ||  2406
 Cast: Regeneration      |       |       |       |       |       |       |       |       |    51 ||    51
Invok: Heroism           |       |       |     1 |    10 |    12 |    34 |    26 |    17 |    38 ||   138
       Finesse           |       |       |       |       |     5 |     8 |     7 |     6 |    19 ||    45
 Abil: Stop Flying       |       |       |       |       |       |       |     4 |       |     3 ||     7
       Fly               |       |       |       |       |       |       |     3 |       |     3 ||     6
Evoke: Wand              |       |       |       |    11 |       |       |       |     1 |     2 ||    14
       Sack of spiders   |       |       |       |     7 |       |       |       |       |       ||     7
       Fan of gales      |       |       |       |       |       |     1 |       |       |       ||     1
       Lamp of fire      |       |       |       |       |       |       |     1 |     2 |    12 ||    15
       Lightning rod     |       |       |       |       |       |       |       |     1 |     3 ||     4
       Horn of Geryon    |       |       |       |       |       |       |       |       |     1 ||     1
  Use: Scroll            |       |     3 |     6 |     6 |    10 |    16 |     8 |    10 |    37 ||    96
       Potion            |       |     3 |    16 |     5 |     8 |     8 |    10 |     9 |    40 ||    99
 Stab: Petrified         |       |       |       |       |     4 |       |       |       |       ||     4
       Sleeping          |       |       |       |       |       |     1 |       |       |       ||     1
       Invisible         |       |       |       |       |       |       |     6 |       |       ||     6
       Petrifying        |       |       |       |       |       |       |       |     1 |       ||     1
  Eat: Meat ration       |       |     1 |     1 |     2 |       |     3 |     3 |     4 |    15 ||    29
       Royal jelly       |       |       |     2 |     2 |       |       |    11 |     1 |     3 ||    19
       Fruit             |       |       |     1 |       |    11 |    13 |     5 |     8 |    22 ||    60
       Chunk             |       |       |     8 |       |    16 |    39 |     1 |    20 |    22 ||   106
       Bread ration      |       |       |     2 |     3 |     1 |       |       |       |     6 ||    12
Armor: Scale mail        |    48 |    80 |    40 |       |       |       |       |       |       ||   168
       Chain mail        |       |       |   327 |   196 |       |       |       |       |       ||   523
       Gold dragon scale |       |       |       |   348 |  1235 |  1540 |  1036 |   381 |  1728 ||  6268
       Plate armour      |       |       |       |       |       |       |       |    78 |       ||    78
Dodge: Dodged            |    45 |    44 |   165 |   272 |   555 |  1126 |   901 |   626 |  2387 ||  6121
Block: Shield            |    55 |    83 |   347 |   542 |  1332 |  1989 |  1702 |   562 |       ||  6612
       Reflection        |       |       |       |       |       |       |    12 |    68 |   104 ||   184
       Large shield      |       |       |       |       |       |       |       |  1317 |  9105 || 10422
